 Dungeon Crawl Stone Soup version 0.31.0-32-g396128a36d (webtiles) character file.

Game seed: 8654945073011407164

34 Killerpretzel the Changeling (level 3, 0/23 HPs)
             Began as an Octopode Shapeshifter on Mar 10, 2024.
             Succumbed to a goblin's poison
             ... on level 1 of the Dungeon.
             The game lasted 00:00:45 (506 turns).

Killerpretzel the Changeling (Octopode Shapeshifter) Turns: 506, Time: 00:00:45

Health: 0/23       AC:  1    Str: 13    XL:     3   Next: 31%
Magic:  3/3        EV: 13    Int: 12    God:
Gold:   93         SH:  0    Dex: 13    Spells: 2/2 levels left

rFire   . .          .
                       - Unarmed
rCold   . . .        (no shield)
rNeg    . . .        (helmet currently unavailable)
rPois   .            (no amulet)
rElec   .            (no ring)
rCorr   .            (no ring)
SInv    .            (no ring)
Will    .....        (no ring)
Stlth   ++           (no ring)
HPRegen 0.23/turn    (no ring)
MPRegen 0.08/turn    (no ring)
                     (no ring)

%: no passive effects
@: lethally poisoned (0 -> -17), beast-form
A: beast (slay +1), almost no armour, amphibious, 8 rings, camouflage 1,
gelatinous body 1, (nimble swimmer 1), tentacles
a: Begin Untransformation


You were on level 1 of the Dungeon.
You were a hulking beast.
You visited 1 branch of the dungeon, and saw 1 of its levels.

You collected 93 gold pieces.

Inventory:

Talismans
 b - a beast talisman
 c - a flux talisman
Scrolls
 d - a scroll of identify {unknown}
 e - a scroll of teleportation {unknown}
 f - a scroll of revelation {unknown}
 g - a scroll of silence {unknown}
Potions
 a - a potion of lignification


   Skills:
 + Level 1.5 Fighting
 + Level 2.3 Dodging
 + Level 3.3 Unarmed Combat
 * Level 3.4 Shapeshifting


You had 2 spell levels left.
You didn't know any spells.
Your spell library contained the following spells:

 Spells                   Type           Power      Damage    Failure   Level
 Tukima's Dance           Hex            0%         N/A       69%         3
 Dimensional Bullseye     Hex/Tloc       0%         N/A       97%         4
 Iskenderun's Mystic Bla  Conj/Tloc      0%         2d3       97%         4


Dungeon Overview and Level Annotations

Branches:
Dungeon (1/15)

Altars:


Innate Abilities, Weirdness & Mutations

You are a hulking beast.
Your limbs bulge with bestial killing power. (Slay +1)
You cannot wear most types of armour.
You are amphibious.
You can wear up to eight rings at the same time.
Your skin changes colour to match your surroundings (Stealth+).
Your rubbery body absorbs attacks. (AC +1, EV +1)
((You are camouflaged when in or above water. (Stealth+)))
You have tentacles for arms and can constrict up to eight enemies at once.


Message History

The jackal misses you.
You barely miss the jackal. You grab the jackal. You squeeze the jackal.
You kill the jackal!
You are too injured to fight recklessly!
You are too injured to fight recklessly!
You are too injured to fight recklessly!
You now have 90 gold pieces (gained 10).
You now have 93 gold pieces (gained 3).
An endoplasm comes into view.
An endoplasm is nearby!
A goblin comes into view. It is wielding a +0 dagger of venom.
The endoplasm barely misses you.
You bludgeon the endoplasm!
You kill the endoplasm!
The goblin completely misses you.
A goblin is nearby!
You tentacle-slap the goblin. Your grab misses the goblin.
The goblin is severely wounded.
The goblin hits you with a +0 dagger of venom.
You are poisoned.
You closely miss the goblin. Your grab misses the goblin.
The goblin is severely wounded.
You feel very sick.
The goblin hits you with a +0 dagger of venom.
You are lethally poisoned!
You are too injured to fight recklessly!
There is a lethal amount of poison in your body!
You are too injured to fight recklessly!
You are too injured to fight recklessly!
You are too injured to fight recklessly!
There is a lethal amount of poison in your body!
You barely miss the goblin. Your grab misses the goblin.
Your squeeze misses the goblin.
The goblin is severely wounded.
You feel very sick.
The goblin hits you with a +0 dagger of venom.
* * * LOW HITPOINT WARNING * * *
You bludgeon the goblin!
You kill the goblin!
You die...

###.~.≈≈........#
#~.~.≈........#
#.~~~~.........
#...≈~.........
##..≈≈.........
##########.≈≈..##.#...
#.......#.#≈≈#....##..
#.......# ≈≈#...#....
#....h).# ###......
####.#### #......⌠.
#.# #####.... #.#
#.... #.# ##.## #.#
#.# #.# ##.# #.# #.#
##..# #.# ##.## #..##
#.# #....


There were no monsters in sight!

Vanquished Creatures
  2 dart slugs (D:1)
  3 ball pythons (D:1)
  2 endoplasms (D:1)
  A giant cockroach (D:1)
  A goblin (D:1)
  5 hobgoblins (D:1)
  4 jackals (D:1)
  4 bats (D:1)
  2 frilled lizards (D:1)
  2 kobolds (D:1)
  A rat (D:1)
27 creatures vanquished.

Vanquished Creatures (others)
  A kobold (D:1)
1 creature vanquished.

Grand Total: 28 creatures vanquished

Notes
Turn   | Place    | Note
-------+----------+-------------------------------------------
     0 | D:1      | Killerpretzel the Octopode Shapeshifter began the quest for
                  | the Orb.
     0 | D:1      | Reached XP level 1. HP: 13/13 MP: 1/1
   148 | D:1      | Reached XP level 2. HP: 18/18 MP: 2/2
   179 | D:1      | Noticed an eye of devastation
   182 | D:1      | Found a faded altar of an unknown god.
   184 | D:1      | Noticed an eye of devastation
   184 | D:1      | Noticed a shining eye
   184 | D:1      | Noticed an eye of devastation
   388 | D:1      | Reached XP level 3. HP: 22/23 MP: 3/3
   506 | D:1      | Succumbed to a goblin's poison

Illustrated notes

Levels and vault maps discovered:
D:1:      saegor_arrival_simple_b, layout_rooms,
          hellmonk_ecumenical_altar_watching_god, dreamdust_wishing_well,
          chequers_serial_rivers_small_3, lemuel_flame_loot_1

Action                     || total
---------------------------++-------
  Melee: Unarmed           ||    48
         Constrict         ||    11
         Tentacles         ||    10
         Punch             ||     2
   Stab: Sleeping          ||     2
 Armour: Skin              ||    25
  Dodge: Dodged            ||    35
